 Dungeon Crawl Stone Soup version 0.21.1-1-g345015f (webtiles) character file.

630874 zishaf the Archmage (level 26, -3/198 HPs)
             Began as a Mummy Necromancer on July 12, 2018.
             Was the Champion of Kikubaaqudgha.
             Slain by a jiangshi (18 damage)
             ... summoned by a greater mummy
             ... on level 3 of the Tomb of the Ancients on July 18, 2018.
             The game lasted 10:35:27 (80321 turns).

zishaf the Archmage (Mummy Necromancer)            Turns: 80321, Time: 10:35:28

Health: -3/198     AC: 35    Str: 12    XL:     26   Next: 78%
Magic:  2/63       EV: 14    Int: 31    God:    Kikubaaqudgha [******]
Gold:   5691       SH:  8    Dex: 18    Spells: 2/79 levels left

rFire    + + .     SeeInvis .   a - +3 Elemental Staff {rElec rF++ rC++ MR++ AC+5}
rCold    + + +     Gourm    .   o - +3 buckler {reflect}
rNeg     + + +     Faith    .   K - +5 ring mail of Uqisosm {rElec rF+ Int+6 Stlth+}
rPois    ∞         Spirit   .   M - +2 helmet {Int+3}
rElec    +         Reflect  +   m - +2 cloak
rCorr    .         Harm     .   R - +2 pair of gloves {archery}
MR       +++++                  L - +2 pair of boots
Stlth    ++........             F - amulet of magic regeneration
HPRegen  0.43/turn              r - ring of Istry {+Fly MP+9 Dex+2}
MPRegen  0.63/turn              V - ring of Robustness {AC+8}

@: about to teleport, death channel, very slightly contaminated, slowed, very
slow
A: no food or potions, fire vulnerability, cold resistance 1, negative energy
resistance 3, torment resistance, unbreathing, in touch with death 2
}: 4/15 runes: decaying, serpentine, slimy, silver
a: Receive Corpses, Torment, Renounce Religion, Evoke Flight


You were on level 3 of the Tomb of the Ancients.
You worshipped Kikubaaqudgha.
Kikubaaqudgha was exalted by your worship.
You were not hungry.

You visited 12 branches of the dungeon, and saw 56 of its levels.
You visited 1 bazaar.
You also visited: Labyrinth, Sewer, Ice Cave and Volcano.

You collected 8597 gold pieces.
You spent 2906 gold pieces at shops.

Inventory:

Hand Weapons
 a - the +3 Elemental Staff (weapon) {rElec rF++ rC++ MR++ AC+5}
   (You found it on level 3 of the Lair of Beasts)

   It affects your AC (+5).
   It greatly protects you from fire.
   It greatly protects you from cold.
   It insulates you from electricity.
   It affects your resistance to hostile enchantments.
 b - a +9 blowgun
Missiles
 c - 204 poisoned needles
 n - 10 needles of confusion
 p - 4 tomahawks of dispersal
 z - 8 steel javelins (quivered)
 G - 5 curare-tipped needles
Armour
 m - a +2 cloak (worn)
 o - a +3 buckler of reflection (worn)
 K - the +5 ring mail of Uqisosm (worn) {rElec rF+ Int+6 Stlth+}
   (You found it on level 3 of the Elven Halls)

   It affects your intelligence (+6).
   It protects you from fire.
   It insulates you from electricity.
   It makes you more stealthy.
 L - a +2 pair of boots (worn)
 M - a +2 helmet of intelligence (worn)
 R - a +2 pair of gloves of archery (worn)
Jewellery
 f - the ring of Egalitarianism {Wiz rC- rN+ Str+6 Stlth+}
   (You acquired it on level 1 of the Tomb of the Ancients)

   [ring of wizardry]

   It improves your spell success rate.
   It affects your strength (+6).
   It makes you vulnerable to cold.
   It protects you from negative energy.
   It makes you more stealthy.
 r - the ring of Istry (left hand) {+Fly MP+9 Dex+2}
   (You bought it in a shop on level 3 of the Elven Halls)

   [ring of magical power]

   It affects your dexterity (+2).
   It affects your magic capacity (+9).
   It lets you fly.
 u - an uncursed ring of protection from fire
 A - an uncursed ring of resist corrosion
 F - an amulet of magic regeneration (around neck)
 T - an uncursed ring of see invisible
 V - the ring of Robustness (right hand) {AC+8}
   (You found it on level 3 of the Crypt)

   [ring of protection]

   It affects your AC (+8).
Wands
 h - a wand of scattershot (7)
 w - a wand of digging (56)
 B - a wand of disintegration (56)
 C - a wand of polymorph (52)
 E - a wand of iceblast (46)
 I - a wand of enslavement (77)
 J - a wand of paralysis (49)
 O - a wand of acid (63)
 U - a wand of flame (79)
Scrolls
 d - 11 scrolls of teleportation
 e - 2 scrolls of blinking
 i - 3 scrolls of identify
 k - 7 scrolls of fear
 s - 9 scrolls of fog
 t - 8 scrolls of amnesia
 y - 8 scrolls of magic mapping
 N - 3 scrolls of silence
 Z - a scroll of torment
Miscellaneous
 g - a lamp of fire
 q - a box of beasts
 v - a crystal ball of energy
 P - a lightning rod (4/4)
 Q - 6 phantom mirrors
 S - a phial of floods
 W - a sack of spiders
 X - a fan of gales


   Skills:
 - Level 14.0 Fighting
 + Level 11.3 Throwing
 - Level 6.3 Dodging
 - Level 1.5 Stealth
 - Level 4.0 Shields
 O Level 27 Spellcasting
 - Level 7.0 Conjurations
 - Level 10.0 Summonings
 * Level 21.8 Necromancy
 - Level 17.0 Translocations
 - Level 5.0 Fire Magic
   Level 1.0 Ice Magic
 - Level 11.0 Earth Magic
 - Level 10.0 Evocations


You had 2 spell levels left.
You knew the following spells:

 Your Spells              Type           Power        Failure   Level  Hunger
a - Bolt of Magma         Conj/Fire/Erth ######....   1%          5    N/A
b - Bolt of Draining      Conj/Necr      ########..   1%          5    N/A
c - Haunt                 Necr/Summ      ########..   1%          7    N/A
d - Animate Dead          Necr           N/A          0%          4    N/A
e - Borgnjor's Vile Clut  Necr/Erth      ########..   1%          5    N/A
f - Summon Mana Viper     Hex/Summ       ######..     4%          5    N/A
g - Recall                Summ/Tloc      N/A          0%          3    N/A
h - Death Channel         Necr           #########.   1%          6    N/A
i - Infestation           Necr           #########.   1%          8    N/A
j - Dispel Undead         Necr           ########     0%          5    N/A
k - Controlled Blink      Tloc           N/A          8%          8    N/A
l - Vampiric Draining     Necr           #########.   0%          3    N/A
m - Shadow Creatures      Summ           N/A          3%          6    N/A
n - Monstrous Menagerie   Summ           #######...   17%         7    N/A

Dungeon Overview and Level Annotations

Branches:
Dungeon (15/15)            Temple (1/1) D:7            Lair (6/6) D:11
  Swamp (4/4) Lair:2        Snake (4/4) Lair:4        Slime (5/5) Lair:6
    Orc (2/2) D:9             Elf (3/3) Orc:2        Vaults (5/5) D:14
  Crypt (3/3) Vaults:3       Tomb (3/3) Crypt:3      Depths (5/5) D:15
    Zot (0/5) Depths:5

Altars:
Ashenzari
Cheibriados
Dithmenos
Elyvilon
Fedhas
Gozag
Hepliaklqana
Kikubaaqudgha
Makhleb
Nemelex Xobeh
Okawaru
Qazlal
Ru
Sif Muna
Trog
Uskayaw
Vehumet
Wu Jian
Xom
Yredelemnul
Zin
The Shining One
Beogh

Shops:
D:11 ?   Orc:2 ==??   Elf:1 :   Elf:3 [=%[   Vaults:1 ?}:   Vaults:2 (

Portals:
Hell: Depths:1 Depths:2 Depths:3 Depths:4 Depths:5
Abyss: Depths:2 Depths:4
Pandemonium: Depths:3 Depths:4 Depths:5
Ziggurat: Depths:5

Annotations:
D:1 exclusion: downstairs
D:6 exclusion: downstairs


Innate Abilities, Weirdness & Mutations

You do not eat or drink.
Your flesh is vulnerable to fire.
You are immune to poison.
Your flesh is cold resistant. (rC+)
You are immune to negative energy. (rN+++)
You are immune to unholy pain and torment.
You can survive without breathing.
You are strongly in touch with the powers of death.


Message History

A mummy priest comes into view.
Your surroundings seem slightly different.
The ushabti gestures slowly at your anaconda zombie.
Your anaconda zombie convulses!
Your anaconda zombie grabs the ushabti.
Your anaconda zombie bites the ushabti!
Your anaconda zombie constricts the ushabti.
Found a book of Necromancy.
A mummy priest comes into view.
As you read the scroll of teleportation, it crumbles to dust.
You feel strangely unstable.
The mana viper disappears in a puff of smoke!
The death scarab bites you but does no damage.
Your anaconda zombie bites the ushabti.
Your anaconda zombie constricts the ushabti.
You block the death scarab's attack.
The ushabti shakes and rattles deafeningly!
The greater mummy hits your anaconda zombie.
The jiangshi claws you!!
You die...
Kikubaaqudgha rasps: "You have failed me!
Welcome... oblivion!"
MSM.VV.MZ

.Z#..MM..#3
..#..Z8M.#.. #......#
##....§M##
##........##
##......M...##
##..........sV##
##..........Mss@##
#....sM.....sss..#
##.....s....ss.s..###
....Msss.............
.8...s§s..........M..
.......s.....§...:..M
######################


You could see a greater mummy, 3 mummy priests, a jiangshi, a guardian mummy, an
ushabti, 9 death scarabs, 3 mummies and a friendly anaconda zombie.

Vanquished Creatures
  Khufu (Crypt:3)
  2 ancient liches
  2 juggernauts
  5 greater mummies
  Sojobo (Crypt:1)
  Saint Roka (Elf:3)
  Vashnia (Snake:2)
  Xtahua (Depths:5)
  A caustic shrike (Depths:4)
  2 golden dragons
  Nikola (Snake:3)
  Jory (Crypt:1)
  3 liches
  2 Ice Fiends (IceCv)
  Jorgrun (Snake:4)
  A titan (Depths:4)
  3 deep elf blademasters
  A deep elf master archer (Elf:3)
  Asterion (Depths:1)
  16 acid blobs
  3 ancient champions
  8 sphinxes
  A thorn hunter (Swamp:2)
  7 tengu reavers
  A shadow dragon (Depths:4)
  A storm dragon (Vaults:5)
  6 fire giants
  7 nagarajas
  3 draconian monks (Depths:5)
  11 azure jellies
  10 frost giants
  Aizul (Snake:4)
  9 deep elf sorcerers
  A draconian scorcher (Depths:5)
  3 curse skulls
  2 iron dragons
  A reaper (Crypt:2)
  16 vault wardens
  A war gargoyle (Vaults:5)
  4 very ugly things
  7 ghouls
  2 draconian annihilators (Depths:5)
  A spriggan defender (Depths:5)
  7 deep elf elementalists
  13 ironheart preservers
  Louise (Snake:2)
  2 green draconians (Depths:5)
  3 entropy weavers
  A juggernaut skeleton (Crypt:1)
  5 deep elf demonologists
  9 stone giants
  A large abomination (Elf:1)
  A bennu (Tomb:3)
  3 vampire knights
  A dire elephant (Depths:2)
  A black draconian (Depths:5)
  5 deep elf annihilators
  A purple draconian (Depths:5)
  A red draconian (Depths:5)
  5 spark wasps
  3 eidola
  A merfolk javelineer (Depths:2)
  A minotaur (Lab)
  5 deep elf death magi
  6 jiangshi
  4 death oozes (Slime:5)
  Snorg (Orc:1)
  6 ettins
  2 quicksilver dragon zombies
  13 yaktaur captains
  10 mummy priests
  5 deep elf high priests
  8 fire dragons
  Harold (Lair:3)
  10 great orbs of eyes
  11 hydras
  A spriggan air mage (Depths:5)
  5 naga warriors
  31 vault guards
  3 rakshasas
  6 ice dragons
  2 catoblepae (Depths:2)
  2 hell beasts (Depths:2)
  9 anacondas
  35 two-headed ogres
  8 ogre magi
  11 centaur warriors
  7 death knights
  5 alligators
  A catoblepas (shapeshifter) (Elf:2)
  6 deep troll earth magi
  21 dancing weapons
  32 death scarabs
  17 naga sharpshooters
  5 tengu warriors
  6 death yaks
  2 orc high priests (Orc:2)
  2 small abominations (Elf:1)
  3 shock serpents
  4 deep troll shamans
  A storm dragon zombie (Tomb:1)
  3 spriggan berserkers
  18 deep elf knights
  3 soul eaters
  A storm dragon skeleton (Crypt:1)
  3 vampire magi
  2 hell knights
  3 shadow wraiths
  4 salamander mystics
  33 skeletal warriors
  A sea snake (Snake:4)
  A wizard (Vaults:1)
  A death drake (Depths:5)
  4 unseen horrors
  4 flayed ghosts
  3 spriggan druids
  9 swamp dragons
  4 glowing orange brains
  A death drake (shapeshifter) (Vaults:5)
  19 deep trolls
  13 deep elf archers
  A naga ritualist (Snake:4)
  2 lindwurms (Volcano)
  11 phantasmal warriors
  A shambling mangrove (Swamp:2)
  16 ironbrand convokers
  14 orc knights
  5 necromancers
  2 mana vipers (Snake:4)
  A shadow dragon zombie (Tomb:1)
  A mana viper (shapeshifter) (Vaults:5)
  A harpy (Depths:2)
  35 deep elf magi
  7 cyclopes
  A shadow dragon skeleton (Crypt:3)
  4 orc sorcerers (Orc:2)
  8 oklob plants
  2 wolf spiders
  2 manticores
  9 elephants
  25 ugly things
  12 salamanders
  A fire giant skeleton (Crypt:1)
  23 black mambas
  Maurice (Orc:1)
  4 eyes of devastation
  6 guardian serpents
  2 ice statues (IceCv)
  A toenail golem (Volcano)
  A guardian serpent (shapeshifter) (Depths:1)
  An orange demon (Depths:3)
  3 molten gargoyles (Volcano)
  23 naga magi
  18 vault sentinels
  Psyche (D:11)
  2 gargoyles
  5 spiny frogs
  A death yak zombie (Crypt:2)
  A rime drake (shapeshifter) (Vaults:4)
  A storm dragon simulacrum (Vaults:3)
  6 komodo dragons
  A black draconian zombie (Crypt:2)
  5 rime drakes
  9 freezing wraiths
  A tormentor (Depths:3)
  12 ice devils
  2 efreet (Volcano)
  42 yaktaurs
  A hellwing (Depths:3)
  42 guardian mummies
  A purple draconian skeleton (Crypt:2)
  A queen bee (shapeshifter) (Depths:3)
  3 tyrant leeches
  A grey draconian skeleton (Crypt:1)
  7 trolls
  A red devil (Depths:3)
  A jumping spider (shapeshifter) (Vaults:2)
  11 polar bears
  A wolf spider simulacrum (D:15)
  4 bog bodies
  3 raiju (Lair:6)
  6 hornets
  Prince Ribbit (D:5)
  10 blink frogs
  2 dream sheep (Lair:6)
  35 slime creatures
  2 alligator skeletons
  3 hippogriffs
  13 flying skulls
  An air elemental (Elf:3)
  A redback (Vaults:4)
  A frost giant simulacrum (Vaults:3)
  4 spriggans
  30 yaks
  Sigmund (D:2)
  7 ushabtiu
  3 water elementals
  A tarantella (shapeshifter) (Vaults:1)
  4 wyverns
  4 hungry ghosts (Lab)
  6 wraiths
  A tyrant leech zombie (Crypt:2)
  A fire bat (D:6)
  4 basilisks
  5 golden eyes (Slime:5)
  Menkaure (D:6)
  6 swamp worms
  13 vampire mosquitoes
  7 wargs
  42 nagas
  12 soldier ants
  2 acid dragons
  13 hell hounds
  8 water moccasins
  A spiny frog zombie (Crypt:1)
  4 porcupines
  A floating eye (shapeshifter) (Depths:1)
  Duvessa (D:5)
  39 orc warriors
  A meliai simulacrum (D:14)
  6 ice beasts
  7 swamp drakes
  2 sky beasts
  2 eyes of draining
  A phantom (D:4)
  10 black bears
  26 ogres
  An elephant zombie (Crypt:2)
  10 boggarts
  10 wolves
  The ghost of IVIUSE the Sneak, an amateur DsWn of Qazlal (D:3)
  A lindwurm skeleton (Crypt:1)
  A dream sheep skeleton (Crypt:1)
  A tengu (shapeshifter) (D:14)
  9 centaurs
  13 crocodiles
  A crocodile (shapeshifter) (Depths:1)
  A salamander zombie (Crypt:3)
  5 big kobolds
  Blork the orc (D:5)
  An elf zombie (Crypt:2)
  9 bullfrogs
  7 earth elementals
  Dowan (D:5)
  A wyvern skeleton (D:7)
  3 scorpions
  A water moccasin skeleton (D:9)
  12 wights
  2 electric eels (Lair:5)
  2 bullfrog zombies
  3 hounds
  A quasit (D:8)
  3 crimson imps
  3 jellies
  5 centaur zombies
  A black bear zombie (Crypt:2)
  21 orc priests
  3 centaur skeletons
  A bullfrog skeleton (D:8)
  26 orc wizards
  Crazy Yiuf (D:2)
  Terence (D:3)
  Natasha (thrice) (D:2)
  8 hell rats (Lair:3)
  10 worker ants
  A worker ant (shapeshifter) (Depths:5)
  An ogre zombie (Crypt:3)
  A demigod skeleton (Crypt:1)
  A hound skeleton (D:6)
  A howler monkey zombie (D:8)
  24 mummies
  A howler monkey skeleton (D:7)
  A steam dragon zombie (Crypt:1)
  15 adders
  15 river rats
  4 shadow imps
  7 white imps (IceCv)
  6 ufetubi
  7 oozes
  A worm zombie (Crypt:3)
  18 worms
  A dart slug (D:2)
  5 leopard geckos
  91 orcs
  13 bats
  4 giant cockroaches
  9 goblins
  5 hobgoblins
  6 jackals
  11 quokkas
  8 ball pythons
  4 frilled lizards
  A goblin skeleton (Crypt:3)
  11 kobolds
  2 leopard gecko skeletons
  A quokka zombie (Crypt:3)
  19 rats
  2 bushes
  3 crawling corpses (Elf:1)
  3 fire vortices (Volcano)
  14 fungi
  36 plants
1953 creatures vanquished.

Vanquished Creatures (collateral kills)
  the Royal Jelly (Slime:5)
  Dissolution (Slime:3)
  2 ancient liches
  2 greater mummies
  Bai Suzhen (Crypt:3)
  Boris (Crypt:2)
  2 caustic shrikes
  2 golden dragons
  The ghost of fourfacedrat the Sorcerer, a veteran DEWz of Vehumet (Depths:4)
  A tentacled monstrosity (Vaults:5)
  A lich (Depths:4)
  A quicksilver dragon (Depths:4)
  Gastronok (Lair:3)
  24 acid blobs
  2 ancient champions
  7 sphinxes
  A storm dragon (Depths:4)
  A thorn hunter (Swamp:4)
  2 tengu reavers
  4 shadow dragons
  Roxanne (Elf:1)
  4 fire giants
  4 nagarajas (Snake:4)
  6 azure jellies
  An iron dragon (Depths:5)
  A vault warden (Vaults:2)
  11 frost giants
  5 deep elf sorcerers
  9 very ugly things
  2 spriggan defenders (Depths:5)
  2 draconian annihilators (Depths:5)
  2 war gargoyles (Vaults:5)
  An entropy weaver (Lair:4)
  4 ironheart preservers
  16 stone giants
  3 green draconians (Depths:5)
  A vampire knight (Depths:5)
  8 bennus
  A deep elf demonologist (Elf:3)
  2 black draconians (Depths:5)
  3 red draconians (Depths:5)
  A white draconian (Depths:5)
  A dire elephant (Depths:2)
  2 purple draconians (Depths:5)
  2 deep elf annihilators (Elf:3)
  5 spark wasps
  An ettin (shapeshifter) (Vaults:5)
  5 deep elf death magi
  6 ettins
  8 fire dragons
  5 death oozes
  7 mummy priests
  2 deep elf high priests
  6 yaktaur captains
  11 great orbs of eyes
  3 rakshasas
  2 ogre magi
  11 vault guards
  A spriggan air mage (Depths:3)
  8 ice dragons
  7 anacondas
  15 hydras
  3 naga warriors
  11 two-headed ogres
  2 centaur warriors
  4 alligators
  10 dancing weapons
  18 death scarabs
  A queen ant (Lair:4)
  2 death yaks (Lair:4)
  A tengu warrior (Depths:5)
  3 shock serpents (Snake:4)
  A vampire mage (Depths:5)
  4 deep troll shamans
  Nergalle (Lair:3)
  An orc high priest (Orc:2)
  5 naga sharpshooters
  2 spriggan berserkers
  3 hell knights (Depths:3)
  A soul eater (Depths:4)
  5 deep elf knights
  4 skeletal warriors
  4 iron trolls
  3 salamander mystics
  A sea snake (Snake:4)
  2 flayed ghosts
  13 deep trolls
  3 death drakes (Depths:5)
  A deep troll (shapeshifter) (Vaults:1)
  3 lindwurms (Depths:5)
  7 naga ritualists
  7 swamp dragons
  A deep elf archer (Vaults:1)
  2 necromancers
  A harpy (Depths:2)
  20 deep elf magi
  4 ironbrand convokers
  A phantasmal warrior (Vaults:5)
  2 human zombies
  A tengu skeleton (Vaults:4)
  8 mana vipers
  2 wolf spider zombies
  6 orc knights
  3 orc sorcerers
  A cyclops (Vaults:1)
  2 wolf spiders (Vaults:2)
  9 ugly things
  5 shining eyes
  3 manticores
  14 salamanders
  51 slime creatures
  An elephant (shapeshifter) (Vaults:2)
  11 guardian serpents
  8 black mambas
  12 elephants
  A black mamba (shapeshifter) (Depths:1)
  An eye of devastation (Slime:5)
  2 rust devils
  6 naga magi
  An orange demon (Depths:4)
  3 centaur skeletons
  11 vault sentinels
  A shock serpent skeleton (Tomb:1)
  11 spiny frogs
  A spiny frog (shapeshifter) (D:14)
  3 rime drakes (Lair:6)
  12 yaktaurs
  4 freezing wraiths
  4 komodo dragons
  A tengu conjurer (Depths:5)
  A komodo dragon (shapeshifter) (Vaults:4)
  17 guardian mummies
  A yaktaur skeleton (Vaults:4)
  3 ice devils (IceCv)
  A red devil (Tomb:2)
  A tormentor (Depths:4)
  A human skeleton (Vaults:3)
  3 trolls
  A jumping spider (Vaults:4)
  A wind drake (Depths:5)
  4 tyrant leeches
  A meliai (shapeshifter) (Vaults:4)
  5 hornets
  A dream sheep (shapeshifter) (Depths:4)
  7 bog bodies
  A stone giant simulacrum (Vaults:1)
  A slime creature (shapeshifter) (Depths:3)
  2 dream sheep (Lair:6)
  4 blink frogs
  3 hippogriffs
  4 redbacks
  2 water elementals
  2 spriggans (Swamp:2)
  7 flying skulls
  A wyvern (shapeshifter) (Vaults:4)
  An ettin skeleton (Tomb:3)
  4 air elementals
  16 yaks
  A fire bat (D:6)
  Eustachio (D:6)
  3 ushabtiu
  2 wyverns
  A fire bat (shapeshifter) (Vaults:5)
  A hungry ghost (D:11)
  A steam dragon (D:14)
  A basilisk (shapeshifter) (Vaults:5)
  15 vampire mosquitoes
  A hog (shapeshifter) (Depths:4)
  5 fire elementals
  A chaos spawn (Depths:4)
  5 swamp worms
  24 nagas
  2 wargs
  9 soldier ants (Lair:4)
  A floating eye (Depths:5)
  A spiny frog zombie (Crypt:3)
  4 acid dragons
  8 water moccasins
  2 hell hounds (Lair:6)
  10 swamp drakes
  2 floating eyes (shapeshifter)
  A black bear (shapeshifter) (Vaults:3)
  4 porcupines
  8 orc warriors
  4 black bears (Lair:6)
  4 eyes of draining
  3 boggarts
  7 wolves (Lair:6)
  5 ogres
  3 centaurs
  3 crocodiles (Lair:6)
  5 bullfrogs
  3 scorpions
  A wyvern skeleton (D:15)
  2 wights (D:9)
  A howler monkey (shapeshifter) (Depths:1)
  2 electric eels (Lair:5)
  A crimson imp (D:14)
  A bullfrog zombie (D:12)
  3 human simulacra
  A hound (D:9)
  4 jellies
  3 orc priests
  An iguana (D:8)
  8 orc wizards
  11 worker ants (Lair:4)
  11 mummies
  3 adders
  4 river rats (Lair:3)
  A shadow imp (Depths:5)
  2 white imps (IceCv)
  An ufetubus (IceCv)
  2 worms (Lair:2)
  A dart slug (D:3)
  21 orcs
  4 jackals (D:8)
  A quokka (Lair:3)
  A bat (Lair:6)
  A giant cockroach zombie (D:6)
  A goblin (D:1)
  A kobold (D:2)
  A leopard gecko zombie (D:5)
  A rat (D:2)
  10 fungi
  22 plants
985 creatures vanquished.

Vanquished Creatures (others)
  A deep elf elementalist (Elf:3)
  A stone giant (Vaults:2)
  A two-headed ogre (Depths:1)
  An ogre mage (Depths:1)
  5 death scarabs (Tomb:2)
  A dancing weapon (Elf:1)
  2 hell knights (Depths:3)
  2 skeletal warriors (Tomb:2)
  A deep elf mage (Elf:1)
  A black mamba (Snake:4)
  A naga mage (Snake:4)
  2 yaktaurs (Vaults:1)
  A guardian mummy (Tomb:2)
  A hornet (D:11)
  4 flying skulls (Tomb:2)
  A naga (Snake:2)
  A swamp drake (Depths:5)
  An orc warrior (Orc:2)
  A wolf (Lair:6)
  A mummy (Tomb:2)
  2 ufetubi (IceCv)
  A bat (Lair:6)
  2 fire vortices (Volcano)
  12 fungi
  34 plants
81 creatures vanquished.

Grand Total: 3019 creatures vanquished

Notes
Turn   | Place    | Note
-------+----------+-------------------------------------------
     0 | D:1      | zishaf the Mummy Necromancer began the quest for the Orb.
     0 | D:1      | Reached XP level 1. HP: 13/13 MP: 4/4
     2 | D:1      | Learned a level 1 spell: Animate Skeleton
   289 | D:1      | Reached skill level 3 in Spellcasting
   289 | D:1      | Reached XP level 2. HP: 17/19 MP: 3/6
   893 | D:2      | Reached XP level 3. HP: 24/24 MP: 3/7
   964 | D:2      | Found a faded altar of an unknown god.
  1166 | D:2      | Found a runed door.
  1313 | D:2      | Reached skill level 1 in Throwing
  1451 | D:2      | Noticed Natasha
  1464 | D:2      | Learned a level 3 spell: Vampiric Draining
  1524 | D:2      | Noticed Sigmund
  1727 | D:2      | Found a basalt altar of Yredelemnul.
  1821 | D:2      | Killed Natasha
  1821 | D:2      | Reached XP level 4. HP: 26/30 MP: 3/9
  1897 | D:2      | Noticed Natasha
  1906 | D:2      | Killed Natasha
  1906 | D:2      | Reached skill level 4 in Spellcasting
  2337 | D:3      | Learned a level 4 spell: Animate Dead
  2438 | D:2      | Noticed Natasha
  2633 | D:2      | Killed Natasha
  2633 | D:2      | Reached XP level 5. HP: 17/35 MP: 5/11
  2900 | D:2      | Noticed Crazy Yiuf
  2909 | D:2      | Killed Crazy Yiuf
  3061 | D:3      | Reached skill level 5 in Necromancy
  3078 | D:3      | Noticed Terence
  3089 | D:3      | Killed Terence
  3205 | D:3      | Noticed IVIUSE's ghost (amateur DsWn)
  3495 | D:3      | Killed IVIUSE's ghost
  3495 | D:3      | Reached skill level 5 in Spellcasting
  3495 | D:3      | Reached XP level 6. HP: 38/41 MP: 13/13
  3503 | D:3      | Learned a level 5 spell: Borgnjor's Vile Clutch
  3962 | D:3      | Reached skill level 1 in Earth Magic
  4394 | D:4      | Reached XP level 7. HP: 24/46 MP: 15/15
  4634 | D:4      | Reached skill level 6 in Spellcasting
  5130 | D:5      | Entered Level 5 of the Dungeon
  5147 | D:5      | Found a glowing drain.
  5478 | Sewer    | Entered a sewer
  6204 | Sewer    | Reached skill level 7 in Spellcasting
  6204 | Sewer    | Reached XP level 8. HP: 49/52 MP: 18/18
  6247 | D:5      | Noticed Prince Ribbit
  6280 | D:5      | Killed Prince Ribbit
  6552 | D:5      | Found a hazy altar of Hepliaklqana.
  6552 | D:5      | Found a blossoming altar of Fedhas.
  6615 | D:5      | Noticed Duvessa
  6615 | D:5      | Noticed Dowan
  6622 | D:5      | Killed Duvessa
  6623 | D:5      | Killed Dowan
  6623 | D:5      | Reached skill level 8 in Spellcasting
  6719 | D:5      | Noticed Blork the orc
  6725 | D:5      | Killed Blork the orc
  7127 | D:2      | Killed Sigmund
  7353 | D:6      | Reached skill level 9 in Spellcasting
  7353 | D:6      | Reached XP level 9. HP: 51/57 MP: 18/22
  7393 | D:6      | Found a bloodstained altar of Trog.
  7412 | D:6      | Found a transporter.
  7431 | D:6      | Found a transporter.
  8097 | D:6      | Noticed Menkaure
  8103 | D:6      | Killed Menkaure
  8172 | D:6      | Noticed Eustachio
  8182 | D:6      | Killed Eustachio
  8382 | D:7      | Reached skill level 10 in Spellcasting
  8382 | D:7      | Reached skill level 5 in Earth Magic
  8428 | D:7      | Noticed a six-headed hydra
  8789 | D:7      | Killed a six-headed hydra
  8789 | D:7      | Reached skill level 11 in Spellcasting
  8994 | D:7      | Found a staircase to the Ecumenical Temple.
  9000 | Temple   | Entered the Ecumenical Temple
  9255 | Temple   | Became a worshipper of Kikubaaqudgha
  9358 | D:7      | Reached XP level 10. HP: 56/64 MP: 19/25
  9767 | D:8      | Reached skill level 1 in Fighting
 10174 | D:8      | Reached * piety under Kikubaaqudgha
 10174 | D:8      | Identified Kikubaaqudgha's Guide on Evil Arts (Kikubaaqudgha gifted it to you on level 8 of the Dungeon)
 10174 | D:8      | Received a gift from Kikubaaqudgha
 10488 | D:9      | Found an iron altar of Okawaru.
 10687 | D:9      | Reached skill level 12 in Spellcasting
 10832 | D:9      | Found a staircase to the Orcish Mines.
 10861 | D:9      | Found a glowing silver altar of Zin.
 10910 | D:9      | Noticed a two-headed ogre
 10924 | D:9      | Killed a two-headed ogre
 10993 | D:9      | Noticed a manticore
 10999 | D:9      | Killed a manticore
 11168 | D:9      | Found a sacrificial altar of Ru.
 11326 | D:9      | Noticed a two-headed ogre
 11334 | D:9      | Noticed a centaur warrior
 11337 | D:9      | Killed a two-headed ogre
 11340 | D:9      | Killed a centaur warrior
 11340 | D:9      | Reached skill level 5 in Fighting
 11340 | D:9      | Reached XP level 11. HP: 58/80 MP: 17/27
 11849 | D:10     | Entered Level 10 of the Dungeon
 11915 | D:10     | Reached ** piety under Kikubaaqudgha
 12429 | D:10     | Killed an unseen horror
 12945 | D:10     | Noticed a two-headed ogre
 12952 | D:10     | Killed a two-headed ogre
 13757 | D:11     | Found Feten's Magic Scroll Emporium.
 13915 | D:11     | Noticed Psyche
 13920 | D:11     | Killed Psyche
 13994 | D:11     | Bought a scroll of identify for 24 gold pieces
 13994 | D:11     | Bought a scroll of identify for 24 gold pieces
 14017 | D:11     | Found a staircase to the Lair.
 14975 | D:12     | Found a labyrinth entrance.
 14984 | Lab      | Entered a labyrinth
 15511 | Lab      | Noticed a minotaur
 15521 | Lab      | Killed a minotaur
 15525 | Lab      | Got a pitted sapphire amulet
 15550 | Lab      | Got a faintly humming hat
 15624 | Lab      | Identified the +2 hat of Xuyh {rC+ Regen+} (You found it in a labyrinth)
 15635 | Lab      | Identified the amulet of Luikutuf {Spirit rPois rC+ Dex+3 Stlth+} (You took it off a minotaur in a labyrinth)
 15801 | Lair:1   | Entered Level 1 of the Lair of Beasts
 16048 | Lair:1   | Reached XP level 12. HP: 92/92 MP: 10/28
 16221 | Lair:1   | Reached skill level 5 in Dodging
 16230 | Lair:1   | Learned a level 4 spell: Summon Ice Beast
 16287 | Lair:1   | Reached *** piety under Kikubaaqudgha
 16287 | Lair:1   | Identified Kikubaaqudgha's Incunabulum of Unholy Secrets (Kikubaaqudgha gifted it to you on level 1 of the Lair of Beasts)
 16287 | Lair:1   | Received a gift from Kikubaaqudgha
 16709 | Lair:1   | Reached skill level 1 in Ice Magic
 16848 | Lair:1   | Learned a level 5 spell: Bolt of Draining
 16940 | Lair:2   | Reached skill level 1 in Summonings
 17107 | Lair:2   | Noticed a death yak
 17110 | Lair:2   | Noticed a death yak
 17111 | Lair:2   | Noticed a death yak
 17144 | Lair:1   | Killed a death yak
 17144 | Lair:1   | Reached skill level 13 in Spellcasting
 17518 | Lair:2   | Reached skill level 1 in Conjurations
 17858 | Lair:2   | Got an ivory war axe
 17868 | Lair:2   | Identified the +8 war axe "Lylyup" {chop, rC++ MP-9} (You found it on level 2 of the Lair of Beasts)
 18027 | Lair:2   | Found a staircase to the Swamp.
 18041 | Lair:2   | Reached skill level 5 in Throwing
 18359 | Lair:2   | Killed a death yak
 18371 | Lair:2   | Killed a death yak
 18481 | Lair:3   | Reached **** piety under Kikubaaqudgha
 18570 | Lair:3   | Got a brightly glowing chain mail
 18581 | Lair:3   | Identified the +2 chain mail "Redibb" {rPois Str+2 Int-5} (You found it on level 3 of the Lair of Beasts)
 18730 | Lair:3   | Learned a level 6 spell: Death Channel
 18958 | Lair:3   | Noticed Nergalle
 18960 | Lair:3   | Noticed Gastronok
 18971 | Lair:3   | Killed Nergalle
 18986 | Lair:3   | Killed Gastronok
 19103 | Lair:3   | Found the +3 Elemental Staff {rElec rF++ rC++ MR++ AC+5}
 19256 | Lair:3   | Gained mutation: You are in touch with the powers of death. [Mummy growth]
 19256 | Lair:3   | Reached XP level 13. HP: 76/98 MP: 14/30
 19372 | Lair:3   | Noticed Harold
 19383 | Lair:3   | Killed Harold
 19777 | Lair:3   | Reached ***** piety under Kikubaaqudgha
 19778 | Lair:3   | Reached skill level 14 in Spellcasting
 19929 | Lair:4   | Found a staircase to the Snake Pit.
 19977 | Lair:4   | Reached skill level 10 in Necromancy
 20005 | Lair:4   | Reached skill level 5 in Summonings
 20599 | Lair:4   | Reached skill level 5 in Conjurations
 21125 | Lair:4   | Noticed an entropy weaver
 21132 | Lair:4   | Noticed an entropy weaver
 21538 | Lair:4   | Killed an entropy weaver
 21636 | Lair:4   | Killed an entropy weaver
 22843 | Lair:5   | Reached XP level 14. HP: 100/105 MP: 25/32
 23126 | Lair:6   | Entered Level 6 of the Lair of Beasts
 23255 | Lair:6   | Reached ****** piety under Kikubaaqudgha
 23268 | Lair:6   | Received a gift from Kikubaaqudgha
 24283 | Lair:6   | Found a staircase to the Slime Pits.
 26262 | Orc:1    | Entered Level 1 of the Orcish Mines
 26267 | Orc:1    | Reached skill level 15 in Spellcasting
 26277 | Orc:1    | Noticed a stone giant
 26287 | Orc:1    | Noticed Maurice
 27853 | D:13     | Got a creamy pearl robe
 27854 | D:13     | Identified the +1 robe "Jeot" {rC- Str+6 Int+3} (You found it on level 13 of the Dungeon)
 28165 | D:13     | Found a blossoming altar of Fedhas.
 28432 | D:13     | Reached XP level 15. HP: 107/110 MP: 28/34
 29422 | D:14     | Found a gate to the Vaults.
 29705 | D:15     | Entered Level 15 of the Dungeon
 30233 | D:15     | Reached skill level 16 in Spellcasting
 30439 | D:15     | Found a staircase to the Depths.
 30870 | Orc:1    | Killed Maurice
 31019 | Orc:1    | Found a roughly hewn altar of Beogh.
 31029 | Orc:1    | Reached skill level 17 in Spellcasting
 31074 | Orc:1    | Noticed Snorg
 31083 | Orc:1    | Killed Snorg
 31357 | Orc:2    | Entered Level 2 of the Orcish Mines
 31374 | Orc:2    | Found a staircase to the Elven Halls.
 31425 | Orc:2    | Found a dark tunnel.
 31543 | Volcano  | Entered a volcano
 32414 | Orc:2    | Found Xakheuw's Jewellery Boutique.
 32414 | Orc:2    | Found Zyrheoba's Jewellery Emporium.
 32428 | Orc:2    | Found Aphop's Magic Scroll Emporium.
 32428 | Orc:2    | Found Akhlog's Magic Scroll Boutique.
 32440 | Orc:2    | Bought an uncursed ring of see invisible for 195 gold pieces
 32445 | Orc:2    | Bought the amulet of Zuthust {Regen+ Int+3} for 476 gold pieces
 32802 | Snake:1  | Entered Level 1 of the Snake Pit
 32805 | Snake:1  | Reached XP level 16. HP: 120/120 MP: 37/37
 33667 | Snake:2  | Noticed Louise
 33672 | Snake:2  | Killed Louise
 34236 | Snake:2  | Noticed Vashnia
 34383 | Snake:2  | Killed Vashnia
 34595 | Snake:2  | Reached skill level 18 in Spellcasting
 34670 | Snake:2  | Found a shadowy altar of Dithmenos.
 34935 | Snake:2  | Reached skill level 10 in Fighting
 35093 | Snake:2  | Reached skill level 15 in Necromancy
 35859 | Snake:3  | Noticed Nikola
 35867 | Snake:3  | Killed Nikola
 36102 | Snake:3  | Got an iridescent hand crossbow
 36109 | Snake:3  | Reached XP level 17. HP: 116/128 MP: 39/39
 36152 | Snake:3  | Identified the +1 hand crossbow of Yredelemnul {elec, Int+6 SInv Stlth-} (You found it on level 3 of the Snake Pit)
 36793 | Snake:4  | Entered Level 4 of the Snake Pit
 37070 | Snake:4  | Reached skill level 19 in Spellcasting
 37099 | Snake:4  | Found a flickering gateway to a bazaar.
 37108 | Bazaar   | Entered a bazaar
 37126 | Bazaar   | Found Nefia's Food Emporium.
 37126 | Bazaar   | Found Hacaas's Armour Shoppe.
 37131 | Bazaar   | Bought a +1 buckler of reflection for 148 gold pieces
 37153 | Bazaar   | Found Ywky's General Store.
 37288 | Snake:4  | Reached skill level 1 in Shields
 37303 | Snake:4  | Noticed Aizul
 37307 | Snake:4  | Killed Aizul
 37538 | Snake:4  | Noticed Jorgrun
 37544 | Snake:4  | Killed Jorgrun
 38143 | Snake:4  | Learned a level 8 spell: Infestation
 38617 | Snake:4  | Got a serpentine rune of Zot
 39200 | Swamp:1  | Entered Level 1 of the Swamp
 39261 | Swamp:1  | Found a frozen archway.
 39269 | IceCv    | Entered an ice cave
 39512 | IceCv    | Noticed an Ice Fiend
 39516 | IceCv    | Noticed an Ice Fiend
 39516 | IceCv    | Reached skill level 20 in Spellcasting
 39529 | IceCv    | Killed an Ice Fiend
 39532 | IceCv    | Killed an Ice Fiend
 39532 | IceCv    | Reached XP level 18. HP: 79/134 MP: 5/42
 39905 | Lair:2   | Learned a level 5 spell: Dispel Undead
 39970 | D:11     | Learned a level 5 spell: Bolt of Magma
 39978 | D:11     | Learned a level 7 spell: Haunt
 40284 | Swamp:1  | Reached skill level 1 in Fire Magic
 41150 | Swamp:2  | Reached skill level 5 in Evocations
 42151 | Swamp:4  | Entered Level 4 of the Swamp
 42832 | Swamp:4  | Got a crude buckler
 42839 | Swamp:4  | Identified the cursed +0 buckler of the Mind {rN++ rCorr MP-9 Dex+4} (You took it off a spriggan berserker on level 4 of the Swamp)
 42854 | Swamp:4  | Got a decaying rune of Zot
 43332 | Elf:1    | Entered Level 1 of the Elven Halls
 43345 | Elf:1    | Found Iryawk's Book Shoppe.
 43614 | Elf:1    | Reached skill level 5 in Fire Magic
 43892 | Elf:1    | Got a warped scale mail
 43914 | Elf:1    | Identified the +1 scale mail of Pan-Flutes {+Fly rElec rC- Regen+} (You took it off a deep elf high priest on level 1 of the Elven Halls)
 44370 | Elf:1    | Noticed Roxanne
 44383 | Elf:1    | Killed Roxanne
 44385 | Elf:1    | Identified Roxanne's Collected Works on Transmigration (You took it off Roxanne on level 1 of the Elven Halls)
 45030 | Elf:2    | Found a huge runed gate.
 45038 | Elf:2    | Found a huge runed gate.
 45039 | Elf:2    | Found a huge runed gate.
 45041 | Elf:2    | Found a huge runed gate.
 45041 | Elf:2    | Found a huge runed gate.
 45328 | Elf:2    | Reached XP level 19. HP: 133/140 MP: 31/43
 45978 | Elf:2    | Reached skill level 21 in Spellcasting
 46237 | Elf:3    | Entered Level 3 of the Elven Halls
 46563 | Elf:3    | Found Gohueffa's Food Shoppe.
 46567 | Elf:3    | Found Jexzoegg's Armour Shoppe.
 46567 | Elf:3    | Found Emnuosue's Antique Armour Emporium.
 46588 | Elf:3    | Found Xipahiul's Jewellery Emporium.
 46595 | Elf:3    | Noticed Saint Roka
 46745 | Elf:3    | Killed Saint Roka
 46782 | Elf:3    | Bought a faintly glowing robe for 199 gold pieces
 46783 | Elf:3    | Identified the +1 robe of Exclusion {MR++ rCorr Str+3 Int-4} (You bought it in a shop on level 3 of the Elven Halls)
 46798 | Elf:3    | Bought the ring of Istry {+Fly MP+9 Dex+2} for 632 gold pieces
 47439 | Elf:3    | Reached skill level 22 in Spellcasting
 47829 | Elf:3    | Got a crude scimitar {slice}
 47829 | Elf:3    | Got a pitted leather armour
 47829 | Elf:3    | Got a spiked buckler
 47959 | Elf:2    | Identified the +8 scimitar of Hoyren {slice, rElec rPois} (You took it off a deep elf demonologist on level 3 of the Elven Halls)
 47973 | Elf:2    | Identified the cursed +1 leather armour of Keuhorph {+Inv rElec Str+4} (You took it off a deep elf demonologist on level 3 of the Elven Halls)
 47993 | Elf:2    | Identified the +0 buckler of Jotuist {rN+} (You took it off a deep elf demonologist on level 3 of the Elven Halls)
 48099 | Elf:3    | Identified a scroll of acquirement
 48379 | Elf:3    | Identified Odamn's Volume of Igneous Transmutation
 48438 | Elf:3    | Got a slimy ring mail
 48449 | Elf:3    | Identified the +5 ring mail of Uqisosm {rElec rF+ Int+6 Stlth+} (You found it on level 3 of the Elven Halls)
 48899 | D:11     | Learned a level 3 spell: Recall
 48920 | D:11     | Learned a level 7 spell: Summon Hydra
 49026 | Elf:1    | Bought a book of the Warp for 1170 gold pieces
 49204 | Vaults:1 | Entered Level 1 of the Vaults
 49218 | Vaults:1 | Reached skill level 1 in Translocations
 49227 | Vaults:1 | Reached XP level 20. HP: 147/147 MP: 22/46
 49731 | Vaults:1 | Reached skill level 23 in Spellcasting
 50025 | Vaults:1 | Reached skill level 5 in Translocations
 50500 | Vaults:1 | Found Bamo Warr's Gadget Boutique.
 50556 | Vaults:1 | Found Evyucam's Magic Scroll Shoppe.
 50563 | Vaults:1 | Bought a scroll of magic mapping for 38 gold pieces
 50574 | Vaults:1 | Found Fumnav's Book Shoppe.
 50634 | Vaults:1 | Found Soomi's Assorted Antiques.
 51391 | Vaults:2 | Found Acaemor's Weapon Boutique.
 51679 | Vaults:2 | Got a coiled iron ring
 51682 | Vaults:2 | Identified the ring of the Messenger {rElec rC+ rN+++ Int-2 Slay-3} (You took it off a boggart on level 2 of the Vaults)
 51905 | Vaults:2 | Reached skill level 24 in Spellcasting
 52358 | Vaults:2 | Reached XP level 21. HP: 153/153 MP: 35/49
 53515 | Vaults:3 | Found a staircase to the Crypt.
 54012 | Vaults:3 | Reached skill level 25 in Spellcasting
 56008 | Vaults:5 | Entered Level 5 of the Vaults
 56230 | Depths:1 | Entered Level 1 of the Depths
 56242 | D:15     | Learned a level 8 spell: Controlled Blink
 56283 | Depths:1 | Identified the Handbook of Shifting Contamination
 56359 | Depths:1 | Paralysed by a floating eye for 4 turns
 56609 | Depths:1 | Reached skill level 26 in Spellcasting
 56670 | Depths:1 | Noticed Asterion
 56679 | Depths:1 | Killed Asterion
 56888 | Depths:1 | Reached XP level 22. HP: 159/159 MP: 41/52
 56993 | Depths:1 | Found a gateway to Hell.
 57204 | Depths:1 | Reached skill level 10 in Translocations
 57792 | Depths:2 | Found a one-way gate to the infinite horrors of the Abyss.
 58076 | Depths:2 | Noticed a caustic shrike
 58093 | Depths:2 | Killed a caustic shrike
 58581 | Depths:2 | Found a glowing silver altar of Zin.
 59018 | Depths:3 | Reached skill level 27 in Spellcasting
 59263 | Depths:3 | Noticed a golden dragon
 59266 | Depths:3 | Killed a golden dragon
 59593 | Depths:3 | Found a one-way gate leading to the halls of Pandemonium.
 60443 | Depths:4 | Noticed fourfacedrat's ghost (veteran DEWz)
 60481 | Depths:4 | Killed fourfacedrat's ghost
 60581 | Depths:4 | Noticed a caustic shrike
 60588 | Depths:4 | Killed a caustic shrike
 60733 | Depths:4 | Noticed a juggernaut
 60745 | Depths:4 | Killed a juggernaut
 60745 | Depths:4 | Reached XP level 23. HP: 165/165 MP: 54/54
 60890 | Depths:4 | Got a jewelled ring mail
 60891 | Depths:4 | Identified the +5 ring mail of the Heron {*Contam +Fly rElec} (You found it on level 4 of the Depths)
 60955 | Depths:4 | Found the +2 Maxwell's thermic engine {flame, freeze, rF- rC-}
 61013 | Depths:4 | Noticed an ancient lich
 61021 | Depths:4 | Killed an ancient lich
 61337 | Depths:5 | Entered Level 5 of the Depths
 61494 | Depths:5 | Found a gateway to a ziggurat.
 61551 | Depths:5 | Paralysed by a floating eye for 4 turns
 61678 | Depths:5 | Noticed Xtahua
 61882 | Depths:5 | Found a gate to the Realm of Zot.
 61896 | Depths:5 | Killed Xtahua
 61944 | Depths:5 | Identified the +4 plate armour "Muib" {*Corrode rN+ Str+2 Int+9} (You found it on level 5 of the Depths)
 62517 | Depths:5 | Noticed a caustic shrike
 62520 | Depths:5 | Noticed a juggernaut
 62527 | Depths:5 | Killed a caustic shrike
 62527 | Depths:5 | Reached skill level 10 in Evocations
 62541 | Depths:5 | Killed a juggernaut
 62999 | Vaults:5 | Reached skill level 10 in Earth Magic
 62999 | Vaults:5 | Reached XP level 24. HP: 74/172 MP: 40/54
 63062 | Vaults:5 | Got a fine bone ring
 63063 | Vaults:5 | Identified the ring of Mael {rPois rC+ Dex+3 Stlth-} (You took it off a frost giant on level 5 of the Vaults)
 63177 | Vaults:5 | Identified the Compendium of Viperous Cold
 63193 | Vaults:5 | Got an ichor-stained trident
 63197 | Vaults:5 | Identified the +7 trident of Oforao {pierce, *Drain Dex+7} (You found it on level 5 of the Vaults)
 63202 | Vaults:5 | Got a transparent scale mail
 63203 | Vaults:5 | Identified the cursed +0 scale mail of Ehiutoure {*Slow +Fly Int+5} (You found it on level 5 of the Vaults)
 63434 | Vaults:5 | Got a sparkling bone ring
 63436 | Vaults:5 | Identified the ring of Xecuboxt {rPois rN+} (You found it on level 5 of the Vaults)
 63443 | Vaults:5 | Got a silver rune of Zot
 64249 | Vaults:5 | Got a flickering marble ring
 64250 | Vaults:5 | Identified the ring "Zatiofohosch" {+Fly rF- rC++ rN++} (You acquired it on level 5 of the Vaults)
 64275 | Vaults:5 | Noticed an ancient lich
 64282 | Vaults:5 | Killed an ancient lich
 64288 | Vaults:5 | Got a pitted short sword
 64290 | Vaults:5 | Got a warped ring mail
 64307 | Vaults:5 | Identified the +6 ring mail of Hepliaklqana's Favour {Regen+ Str+2} (You found it on level 5 of the Vaults)
 64318 | Vaults:5 | Identified the +7 short sword "Coniruab" {venom, rF- rC+ rN++} (You found it on level 5 of the Vaults)
 65047 | Slime:1  | Entered Level 1 of the Pits of Slime
 65145 | D:11     | Learned a level 6 spell: Shadow Creatures
 65154 | D:11     | Learned a level 5 spell: Summon Mana Viper
 68333 | Slime:3  | Noticed Dissolution
 68340 | Slime:3  | Killed Dissolution
 69144 | Slime:4  | Reached skill level 15 in Translocations
 69586 | Lair:6   | Learned a level 7 spell: Monstrous Menagerie
 69636 | Slime:5  | Entered Level 5 of the Pits of Slime
 69754 | Slime:5  | Reached XP level 25. HP: 171/184 MP: 31/54
 70387 | Slime:5  | Noticed the Royal Jelly
 71196 | Slime:5  | Killed the Royal Jelly
 71953 | Slime:5  | Got a slimy rune of Zot
 71977 | Slime:5  | Identified the +10 great sword of Doubt {venom, Stlth+} (You found it on level 5 of the Pits of Slime)
 72010 | Slime:5  | Identified the +9 halberd of Valour {elec, Dex+3} (You found it on level 5 of the Pits of Slime)
 72021 | Slime:5  | Got a shimmering jade amulet
 72037 | Slime:5  | Identified the amulet of the Kangaroo {Fragile rElec Regen+ MP+9 Dex+3} (You found it on level 5 of the Pits of Slime)
 72633 | Crypt:1  | Entered Level 1 of the Crypt
 73011 | Crypt:1  | Noticed Sojobo
 73024 | Crypt:1  | Killed Sojobo
 73124 | Crypt:1  | Noticed Jory
 73132 | Crypt:1  | Killed Jory
 74444 | Crypt:2  | Noticed Boris
 74714 | Crypt:2  | Killed Boris
 75362 | Crypt:3  | Entered Level 3 of the Crypt
 75762 | Crypt:3  | Noticed Khufu
 75762 | Crypt:3  | Noticed a greater mummy
 75880 | Crypt:3  | Killed a greater mummy
 75901 | Crypt:3  | Killed Khufu
 76236 | Crypt:3  | Noticed an ancient lich
 76241 | Crypt:3  | Noticed Bai Suzhen
 76241 | Crypt:3  | Killed an ancient lich
 76248 | Crypt:3  | Killed Bai Suzhen
 76257 | Crypt:3  | Found a staircase to the Tomb.
 76763 | Crypt:3  | Found an ancient bone altar of Kikubaaqudgha.
 76788 | Crypt:3  | Gained mutation: You are strongly in touch with the powers of death. [Mummy growth]
 76788 | Crypt:3  | Reached XP level 26. HP: 198/198 MP: 54/54
 76791 | Crypt:3  | Noticed a greater mummy
 76795 | Crypt:3  | Reached skill level 10 in Summonings
 76806 | Crypt:3  | Killed a greater mummy
 76808 | Crypt:3  | Identified the +7 scimitar of Perversion {drain, +Blink rPois Str-3 Dex+6} (You took it off a greater mummy on level 3 of the Crypt)
 76814 | Crypt:3  | Found the ring of Robustness {AC+8}
 77963 | Crypt:3  | Identified the Catalogue of Black Rituals
 78434 | Tomb:1   | Entered Level 1 of the Tomb of the Ancients
 78586 | Tomb:1   | Got a twitching wooden ring
 78587 | Tomb:1   | Identified the ring of Egalitarianism {Wiz rC- rN+ Str+6 Stlth+} (You acquired it on level 1 of the Tomb of the Ancients)
 78600 | Tomb:1   | Reached skill level 10 in Throwing
 79050 | Tomb:1   | Noticed a greater mummy
 79059 | Tomb:1   | Killed a greater mummy
 79071 | Tomb:1   | Noticed a greater mummy
 79083 | Tomb:1   | Killed a greater mummy
 79286 | Tomb:1   | Noticed a greater mummy
 79293 | Tomb:1   | Killed a greater mummy
 79710 | Tomb:2   | Noticed a greater mummy
 79710 | Tomb:2   | Noticed a greater mummy
 79710 | Tomb:2   | Noticed an ancient lich
 79710 | Tomb:2   | Noticed a greater mummy
 79739 | Tomb:2   | Killed a greater mummy
 79742 | Tomb:2   | Killed an ancient lich
 79843 | Tomb:2   | HP: 9/198 [bennu (20)]
 79843 | Tomb:2   | HP: 4/198 [bennu (5)]
 80279 | Tomb:3   | Entered Level 3 of the Tomb of the Ancients
 80301 | Tomb:3   | Noticed a greater mummy
 80303 | Tomb:3   | Noticed a greater mummy
 80310 | Tomb:3   | Killed a greater mummy
 80321 | Tomb:3   | Slain by a jiangshi

Skill      XL: |  1  2  3  4  5  6  7  8  9 10 11 12 13 14 15 16 17 18 19 20 21 22 23 24 25 26 |
---------------+-------------------------------------------------------------------------------+-----
Spellcasting   | 3 4 5 7 9 11 12 13 14 15 17 18 20 22 24 26 27 | 27.0
Dodging        | 2 4 5 6 |  6.3
Throwing       | 1 2 3 5 6 7 8 9 11 | 11.3
Necromancy     | 5 6 7 8 9 10 12 13 15 16 17 18 19 20 21 | 21.8
Earth Magic    | 1 3 4 5 7 8 9 10 11 | 11.0
Fighting       | 5 8 9 10 12 14 | 14.0
Evocations     | 3 4 6 7 10 | 10.0
Ice Magic      | 1 |  1.0
Summonings     | 4 7 8 9 10 | 10.0
Conjurations   | 3 6 7 |  7.0
Shields        | 4 |  4.0
Fire Magic     | 5 |  5.0
Translocations | 1 7 9 11 12 15 16 17 | 17.0
Stealth        | |  1.5

Action                   |  1- 3 |  4- 6 |  7- 9 | 10-12 | 13-15 | 16-18 | 19-21 | 22-24 | 25-27 || total
-------------------------+-------+-------+-------+-------+-------+-------+-------+-------+-------++-------
Melee: Dagger            |    21 |     6 |       |       |       |       |       |       |       ||    27
       Quarterstaff      |       |   100 |   212 |   234 |       |       |       |       |       ||   546
       Staff             |       |       |       |       |   536 |   221 |    86 |   133 |   137 ||  1113
 Fire: Blowgun           |       |       |       |   122 |    39 |    11 |       |    11 |       ||   183
Throw: Tomahawk          |    21 |     4 |    16 |    46 |   116 |   124 |    27 |       |       ||   354
       Javelin           |       |       |       |       |    18 |    17 |    74 |    74 |     8 ||   191
 Cast: Pain              |    40 |    46 |    44 |     3 |       |       |       |       |       ||   133
       Animate Skeleton  |     9 |     6 |       |       |       |       |       |       |       ||    15
       Vampiric Draining |       |     6 |     1 |     6 |       |       |       |       |       ||    13
       Animate Dead      |       |     7 |    24 |    57 |   129 |   128 |    91 |    69 |    16 ||   521
       Borgnjor's Vile C |       |       |    22 |   113 |   211 |   187 |   225 |   150 |    78 ||   986
       Bolt of Draining  |       |       |       |     2 |    29 |    41 |    93 |   113 |    62 ||   340
       Summon Ice Beast  |       |       |       |     1 |       |     3 |       |       |       ||     4
       Death Channel     |       |       |       |       |    12 |    26 |    40 |    34 |    10 ||   122
       Bolt of Magma     |       |       |       |       |       |    32 |    25 |    32 |    53 ||   142
       Haunt             |       |       |       |       |       |     7 |     6 |    21 |    49 ||    83
       Dispel Undead     |       |       |       |       |       |       |     9 |     8 |   249 ||   266
       Summon Hydra      |       |       |       |       |       |       |     1 |     1 |       ||     2
       Infestation       |       |       |       |       |       |       |     5 |     5 |     7 ||    17
       Recall            |       |       |       |       |       |       |     1 |     1 |     2 ||     4
       Shadow Creatures  |       |       |       |       |       |       |       |    33 |    33 ||    66
       Monstrous Menager |       |       |       |       |       |       |       |     2 |     2 ||     4
       Controlled Blink  |       |       |       |       |       |       |       |       |     5 ||     5
Invok: Receive Corpses   |       |       |       |     4 |    10 |    28 |    15 |     8 |     9 ||    74
       Torment           |       |       |       |       |     1 |     7 |     5 |     1 |       ||    14
       Receive Necronomi |       |       |       |       |     1 |       |       |       |       ||     1
Evoke: Wand              |       |       |       |       |       |     4 |     2 |       |     6 ||    12
       Sack of spiders   |       |       |       |       |       |     1 |       |       |     2 ||     3
       Phial of floods   |       |       |       |       |       |     1 |     1 |       |     1 ||     3
       Crystal ball of e |       |       |       |       |       |       |     5 |       |     5 ||    10
       Box of beasts     |       |       |       |       |       |       |     2 |       |     1 ||     3
  Use: Scroll            |       |     6 |     2 |    12 |     9 |    16 |    15 |    21 |    30 ||   111
 Stab: Distracted        |     1 |       |     1 |       |     6 |     4 |     1 |     2 |       ||    15
       Sleeping          |       |     2 |     7 |     4 |    11 |       |     1 |     1 |       ||    26
       Paralysed         |       |     2 |       |     1 |       |       |       |       |       ||     3
       Petrifying        |       |       |     1 |       |       |       |       |       |       ||     1
Armor: Robe              |     6 |    27 |    94 |   151 |   218 |       |       |       |       ||   496
       Acid dragon scale |       |       |       |       |   198 |   270 |    55 |       |       ||   523
       Ring mail         |       |       |       |       |       |       |    93 |   149 |   204 ||   446
Dodge: Dodged            |    28 |    82 |   149 |   149 |   629 |   396 |   172 |   174 |   222 ||  2001
Block: Buckler           |       |       |       |       |       |    88 |    79 |   125 |   148 ||   440
       Reflection        |       |       |       |       |       |     8 |    19 |    16 |     2 ||    45
